TOP OF THE 1ST |
Columbia 08s batting - Pitching for Bemidji Benders : RHP Carl Henry
|
Pitching: RHP Carl Henry
|
|
Batting: RHB Jeffrey Hicks
|
0-0: Fly out, F1 (Popup, 15S)
|
Batting: RHB Irving Galloway
|
0-0: Foul Ball, location: 2F 0-1: Foul Ball, location: 2F 0-2: Strikes out swinging
|
Batting: RHB Ricardo Salazar
|
0-0: Foul Ball, location: 2F 0-1: Ball 1-1: Ground out 4-3 (Groundball, 4)
|
Top of the 1st over - 0 run(s), 0 hit(s), 0 error(s), 0 left on base; Columbia 0 - Bemidji 0 |
BOTTOM OF THE 1ST |
Bemidji Benders batting - Pitching for Columbia 08s : RHP Troy Parker
|
Pitching: RHP Troy Parker
|
|
Batting: RHB Juan Costello
|
0-0: Ball 1-0: Ball 2-0: Swinging Strike 2-1: Called Strike 2-2: Ball 3-2: Base on Balls
|
Batting: RHB Jesse Nelson
|
0-0: Ball 1-0: SINGLE (Flyball, 6MD) Juan Costello to second
|
Batting: SHB Bob Noble
|
0-0: Ball 1-0: Ball 2-0: SINGLE (Groundball, 34S) (infield hit) Juan Costello to third Jesse Nelson to second
|
Batting: RHB Júlio Valdés
|
0-0: Called Strike 0-1: Ball 1-1: Ball 2-1: Ball 3-1: Grounds into fielders choice 1-2 (Groundball, 13) Jesse Nelson to third Bob Noble to second
|
Batting: LHB Tony O'Bryan
|
0-0: Ball 1-0: DOUBLE (Line Drive, 3D) Jesse Nelson scores Bob Noble scores Júlio Valdés to third
|
Batting: LHB Jesús Raugel
|
0-0: SINGLE (Groundball, 3L) Júlio Valdés scores Tony O'Bryan to third Runner from 3rd tries for Home, SAFE, no throw or cutoff
|
Batting: RHB Gabriel Stout
|
0-0: Foul Ball, location: 2F 0-1: Foul Ball, location: 2F 0-2: Strikes out swinging
|
Batting: RHB Kawanari Hara
|
0-0: Ball Jesús Raugel steals 2nd base 1-0: Ball 2-0: Swinging Strike 2-1: Called Strike 2-2: Fly out, F8 (Flyball, 8LD)
|
Bottom of the 1st over - 4 run(s), 4 hit(s), 0 error(s), 1 left on base; Columbia 0 - Bemidji 4 |
TOP OF THE 2ND |
Columbia 08s batting - Pitching for Bemidji Benders : RHP Carl Henry
|
Batting: LHB Robert Moore
|
0-0: Ball 1-0: Swinging Strike 1-1: Foul Ball, location: 2F 1-2: Ball 2-2: Foul Ball, location: 2F 2-2: Foul Ball, location: 2F 2-2: Strikes out looking
|
Batting: RHB Chris Jones
|
0-0: Ball 1-0: Called Strike 1-1: Fly out, F4 (Line Drive, 4MD)
|
Batting: RHB Pat Fernández
|
0-0: Ball 1-0: Ball 2-0: Ball 3-0: Called Strike 3-1: Called Strike 3-2: Foul Ball, location: 2F 3-2: Foul Ball, location: 2F 3-2: Strikes out swinging
|
Top of the 2nd over - 0 run(s), 0 hit(s), 0 error(s), 0 left on base; Columbia 0 - Bemidji 4 |
BOTTOM OF THE 2ND |
Bemidji Benders batting - Pitching for Columbia 08s : RHP Troy Parker
|
Batting: RHB Bob Carr
|
0-0: Ball 1-0: Foul Ball, location: 2F 1-1: Called Strike 1-2: Ball 2-2: Reached on error, E5 (Groundball, 56)
|
Batting: RHB Juan Costello
|
0-0: Ball 1-0: Ball 2-0: SINGLE (Groundball, 56) (infield hit) Bob Carr to second
|
Batting: RHB Jesse Nelson
|
0-0: Ball 1-0: Ball 2-0: Swinging Strike 2-1: Foul Ball, location: 2F 2-2: Ball 3-2: Base on Balls Bob Carr to third Juan Costello to second
|
Batting: SHB Bob Noble
|
0-0: Called Strike 0-1: Foul Ball, location: 2F 0-2: Strikes out swinging
|
Batting: RHB Júlio Valdés
|
0-0: Swinging Strike 0-1: Fly out, F6 (Popup, 6M)
|
Batting: LHB Tony O'Bryan
|
0-0: Foul Ball, location: 2F 0-1: SINGLE (Groundball, 34D) Bob Carr scores Juan Costello to third Jesse Nelson to second Runner from 3rd tries for Home, SAFE, no throw or cutoff
|
Batting: LHB Jesús Raugel
|
0-0: Foul Ball, location: 2F 0-1: Fly out, F7 (Popup, 8LS)
|
Bottom of the 2nd over - 2 run(s), 2 hit(s), 1 error(s), 2 left on base; Columbia 0 - Bemidji 6 |
TOP OF THE 3RD |
Columbia 08s batting - Pitching for Bemidji Benders : RHP Carl Henry
|
Batting: LHB Ramiro Muńóz
|
0-0: Ball 1-0: Called Strike 1-1: Swinging Strike 1-2: Strikes out looking
|
Batting: RHB Ben Barker
|
0-0: Ball 1-0: Called Strike 1-1: Swinging Strike 1-2: Ball 2-2: Ball 3-2: Strikes out looking
|
Batting: RHB Henry Fox
|
0-0: Foul Ball, location: 2F 0-1: Swinging Strike 0-2: Ball 1-2: Strikes out looking
|
Top of the 3rd over - 0 run(s), 0 hit(s), 0 error(s), 0 left on base; Columbia 0 - Bemidji 6 |
BOTTOM OF THE 3RD |
Bemidji Benders batting - Pitching for Columbia 08s : RHP Troy Parker
|
Batting: RHB Gabriel Stout
|
0-0: Called Strike 0-1: Called Strike 0-2: Ball 1-2: Strikes out swinging
|
Batting: RHB Kawanari Hara
|
0-0: Foul Ball, location: 2F 0-1: Foul Ball, location: 2F 0-2: Ball 1-2: Ball 2-2: Ground out 4-3 (Groundball, 4)
|
Batting: RHB Bob Carr
|
0-0: Ball 1-0: Foul Ball, location: 2F 1-1: Foul Ball, location: 2F 1-2: Foul Ball, location: 2F 1-2: Ground out 6-3 (Groundball, 6)
|
Bottom of the 3rd over - 0 run(s), 0 hit(s), 0 error(s), 0 left on base; Columbia 0 - Bemidji 6 |
TOP OF THE 4TH |
Columbia 08s batting - Pitching for Bemidji Benders : RHP Carl Henry
|
Batting: RHB Jeffrey Hicks
|
0-0: Called Strike 0-1: Swinging Strike 0-2: Strikes out looking
|
Batting: RHB Irving Galloway
|
0-0: Ball 1-0: Called Strike 1-1: Ball 2-1: Swinging Strike 2-2: SOLO HOME RUN (Flyball, 9D), Distance : 357 ft
|
Batting: RHB Ricardo Salazar
|
0-0: Ball 1-0: Called Strike 1-1: Ball 2-1: Ball 3-1: SINGLE (Flyball, 89S)
|
Batting: LHB Robert Moore
|
0-0: Foul Ball, location: 2F 0-1: Ball 1-1: Swinging Strike 1-2: Strikes out swinging
|
Batting: RHB Chris Jones
|
0-0: Called Strike 0-1: Ball 1-1: Ball 2-1: Foul Ball, location: 2F 2-2: Strikes out looking
|
Top of the 4th over - 1 run(s), 2 hit(s), 0 error(s), 1 left on base; Columbia 1 - Bemidji 6 |
BOTTOM OF THE 4TH |
Bemidji Benders batting - Pitching for Columbia 08s : RHP Troy Parker
|
Batting: RHB Juan Costello
|
0-0: Ball 1-0: Ball 2-0: Ground out 6-3 (Groundball, 6)
|
Batting: RHB Jesse Nelson
|
0-0: Swinging Strike 0-1: Swinging Strike 0-2: Strikes out looking
|
Batting: SHB Bob Noble
|
0-0: Foul Ball, location: 2F 0-1: Ball 1-1: SINGLE (Flyball, 7LS)
|
Batting: RHB Júlio Valdés
|
0-0: Called Strike 0-1: Foul Ball, location: 2F 0-2: Ball 1-2: Strikes out swinging
|
Bottom of the 4th over - 0 run(s), 1 hit(s), 0 error(s), 1 left on base; Columbia 1 - Bemidji 6 |
TOP OF THE 5TH |
Columbia 08s batting - Pitching for Bemidji Benders : RHP Carl Henry
|
Batting: RHB Pat Fernández
|
0-0: Called Strike 0-1: Swinging Strike 0-2: Ball 1-2: Strikes out swinging
|
Batting: LHB Ramiro Muńóz
|
0-0: Ball 1-0: Ball 2-0: Swinging Strike 2-1: Swinging Strike 2-2: Strikes out swinging
|
Batting: RHB Ben Barker
|
0-0: Ball 1-0: Called Strike 1-1: Foul Ball, location: 2F 1-2: Strikes out swinging
|
Top of the 5th over - 0 run(s), 0 hit(s), 0 error(s), 0 left on base; Columbia 1 - Bemidji 6 |
BOTTOM OF THE 5TH |
Bemidji Benders batting - Pitching for Columbia 08s : RHP Troy Parker
|
Batting: LHB Tony O'Bryan
|
0-0: Ball 1-0: DOUBLE (Line Drive, 9LM)
|
Batting: LHB Jesús Raugel
|
0-0: Called Strike 0-1: Ground out 6-3 (Groundball, 6)
|
Batting: RHB Gabriel Stout
|
0-0: Ball 1-0: Ball 2-0: Called Strike 2-1: Ground out 4-3 (Groundball, 34) Tony O'Bryan to third
|
Pitching: RHP Danny Johnston
|
|
Batting: RHB Kawanari Hara
|
0-0: Ball 1-0: Ball 2-0: Ball 3-0: Base on Balls
|
Batting: RHB Bob Carr
|
0-0: Called Strike 0-1: Called Strike 0-2: Fielders Choice at 2nd, 6-4 (Groundball, 56)
|
Bottom of the 5th over - 0 run(s), 1 hit(s), 0 error(s), 1 left on base; Columbia 1 - Bemidji 6 |
TOP OF THE 6TH |
Columbia 08s batting - Pitching for Bemidji Benders : RHP Carl Henry
|
Batting: RHB Henry Fox
|
0-0: Ball 1-0: Ball 2-0: Ball 3-0: Fly out, F4 (Popup, 6MS)
|
Batting: RHB Jeffrey Hicks
|
0-0: Ball 1-0: Foul Ball, location: 2F 1-1: Ball 2-1: Ball 3-1: Called Strike 3-2: Base on Balls
|
Batting: RHB Irving Galloway
|
0-0: Called Strike 0-1: Swinging Strike 0-2: Strikes out swinging
|
Pitching: RHP Manuel Cordero
|
|
Batting: RHB Ricardo Salazar
|
0-0: Called Strike 0-1: Ground out 4-3 (Groundball, 4)
|
Top of the 6th over - 0 run(s), 0 hit(s), 0 error(s), 1 left on base; Columbia 1 - Bemidji 6 |
BOTTOM OF THE 6TH |
Bemidji Benders batting - Pitching for Columbia 08s : RHP Danny Johnston
|
Batting: RHB Juan Costello
|
0-0: Swinging Strike 0-1: Ball 1-1: Ball 2-1: Foul Ball, location: 2F 2-2: Strikes out swinging
|
Batting: RHB Jesse Nelson
|
0-0: Swinging Strike 0-1: Swinging Strike 0-2: Strikes out swinging
|
Batting: SHB Bob Noble
|
0-0: Called Strike 0-1: Ground out 4-3 (Groundball, 13)
|
Bottom of the 6th over - 0 run(s), 0 hit(s), 0 error(s), 0 left on base; Columbia 1 - Bemidji 6 |
TOP OF THE 7TH |
Columbia 08s batting - Pitching for Bemidji Benders : RHP Manuel Cordero
|
Batting: LHB Robert Moore
|
0-0: Foul Ball, location: 2F 0-1: Foul Ball, location: 2F 0-2: Foul Ball, location: 2F 0-2: Ball 1-2: Ball 2-2: Ball 3-2: Base on Balls
|
Batting: RHB Chris Jones
|
0-0: Called Strike 0-1: Ball 1-1: Swinging Strike 1-2: Foul Ball, location: 2F 1-2: Ball 2-2: Ball 3-2: Fly out, F5 (Popup, 25F)
|
Batting: RHB Pat Fernández
|
0-0: Called Strike 0-1: Ball 1-1: Ground out 5-3 (Groundball, 6S) Robert Moore to second
|
Batting: LHB Ramiro Muńóz
|
0-0: Ball 1-0: Foul Ball, location: 2F 1-1: Foul Ball, location: 2F 1-2: Strikes out swinging
|
Top of the 7th over - 0 run(s), 0 hit(s), 0 error(s), 1 left on base; Columbia 1 - Bemidji 6 |
BOTTOM OF THE 7TH |
Bemidji Benders batting - Pitching for Columbia 08s : RHP Danny Johnston
|
Batting: RHB Júlio Valdés
|
0-0: Foul Ball, location: 2F 0-1: Foul Ball, location: 2F 0-2: Foul Ball, location: 2F 0-2: Ball 1-2: Foul Ball, location: 2F 1-2: Ball 2-2: Strikes out swinging
|
Batting: LHB Tony O'Bryan
|
0-0: Ball 1-0: Ball 2-0: Ball 3-0: Called Strike 3-1: Base on Balls
|
Batting: LHB Jesús Raugel
|
0-0: Called Strike Tony O'Bryan is caught stealing 2nd base 0-1: Foul Ball, location: 2F 0-2: Strikes out swinging
|
Bottom of the 7th over - 0 run(s), 0 hit(s), 0 error(s), 0 left on base; Columbia 1 - Bemidji 6 |
TOP OF THE 8TH |
Columbia 08s batting - Pitching for Bemidji Benders : RHP Manuel Cordero
|
Batting: RHB Ben Barker
|
0-0: Ball 1-0: Swinging Strike 1-1: Fly out, F9 (Popup, 9S)
|
Batting: RHB Henry Fox
|
0-0: Ball 1-0: Called Strike 1-1: Swinging Strike 1-2: Strikes out swinging
|
Batting: RHB Jeffrey Hicks
|
0-0: SINGLE (Line Drive, 8RS)
|
Batting: RHB Irving Galloway
|
0-0: Ball 1-0: Ball 2-0: Fly out, F9 (Flyball, 9LM)
|
Top of the 8th over - 0 run(s), 1 hit(s), 0 error(s), 1 left on base; Columbia 1 - Bemidji 6 |
BOTTOM OF THE 8TH |
Bemidji Benders batting - Pitching for Columbia 08s : RHP Danny Johnston
|
Pitching: LHP Dwight Livingston
|
|
Batting: RHB Gabriel Stout
|
0-0: Ground out 4-3 (Groundball, 4)
|
Batting: RHB Kawanari Hara
|
0-0: Ball 1-0: Ball 2-0: Called Strike 2-1: Ball 3-1: Called Strike 3-2: Foul Ball, location: 2F 3-2: Strikes out swinging
|
Batting: RHB Bob Carr
|
0-0: Called Strike 0-1: Foul Ball, location: 2F 0-2: Foul Ball, location: 2F 0-2: Ball 1-2: SOLO HOME RUN (Flyball, 7D), Distance : 351 ft
|
Batting: RHB Juan Costello
|
0-0: Called Strike 0-1: Ball 1-1: Called Strike 1-2: Strikes out looking
|
Bottom of the 8th over - 1 run(s), 1 hit(s), 0 error(s), 0 left on base; Columbia 1 - Bemidji 7 |
TOP OF THE 9TH |
Columbia 08s batting - Pitching for Bemidji Benders : RHP Manuel Cordero
|
Batting: RHB Ricardo Salazar
|
0-0: Ball 1-0: Called Strike 1-1: Called Strike 1-2: Ball 2-2: Strikes out swinging
|
Batting: LHB Robert Moore
|
0-0: Ground out 3-1 (Groundball, 34)
|
Batting: RHB Chris Jones
|
0-0: Swinging Strike 0-1: Foul Ball, location: 2F 0-2: Foul Ball, location: 2F 0-2: SOLO HOME RUN (Flyball, 7LD), Distance : 348 ft
|
Batting: RHB Pat Fernández
|
0-0: TRIPLE (Line Drive, 8LM)
|
Batting: LHB Ramiro Muńóz
|
0-0: Ball 1-0: Foul Ball, location: 2F 1-1: Ball 2-1: Ball 3-1: Base on Balls
|
Batting: RHB Ben Barker
|
0-0: Fly out, F9 (Popup, 9S)
|
Top of the 9th over - 1 run(s), 2 hit(s), 0 error(s), 2 left on base; Columbia 2 - Bemidji 7 |
|